 Dungeon Crawl Stone Soup version 0.20-a0-208-g55166f7 (webtiles) character file.

9643 patrickswayze the Covert (level 11, -5/58 HPs)
             Began as a Deep Elf Chaos Knight on Nov 25, 2016.
             Impaled on a porcupine's spines (9 damage)
             ... on level 5 of the Lair of Beasts.
             The game lasted 00:31:00 (14719 turns).

patrickswayze the Covert (Deep Elf Chaos Knight)   Turns: 14719, Time: 00:31:01

Health: -5/58      AC: 11    Str:  4 (7)  XL:     11   Next: 25%
Magic:  13/13      EV: 24    Int: 14 (16) God:    Xom [*.....]
Gold:   322        SH:  0    Dex: 19 (22) Spells: 10/10 levels left

rFire  . . .     SeeInvis .     a - +2 dagger (venom)
rCold  + . .     Gourm    .     A - +1 robe of the Hippo {rPois}
rNeg   . . .     Faith    .     (no shield)
rPois  +         Spirit   .     g - +1 helmet
rElec  .         Reflect  .     r - +1 cloak
rCorr  .         Harm     .     m - +0 pair of gloves (curse)
MR     +....                    p - +0 pair of boots
Stlth  +++++++...               (no amulet)
                                w - +2 ring of protection
                                e - ring of protection from cold

@: agile
A: talons 1, dopey 1, screaming 1, weak 1
a: Renounce Religion


You were on level 5 of the Lair of Beasts.
You worshipped Xom.
You were a special plaything of Xom.
You were not hungry.

You visited 2 branches of the dungeon, and saw 14 of its levels.

You collected 601 gold pieces.
You spent 279 gold pieces at shops.


Innate Abilities, Weirdness & Mutations

You have sharp toenails.
You are dopey. (Int -2)
You occasionally shout uncontrollably at your foes.
You are weak. (Str -2)


   Skills:
 - Level 2.4 Fighting
 - Level 12.0 Short Blades
 - Level 0.7 Armour
 - Level 9.0 Dodging
 + Level 13.8 Stealth


You had 10 spell levels left.
You didn't know any spells.

Inventory:

Hand Weapons
 a - a +2 dagger of venom (weapon)
 v - a +2 short sword of speed
 E - a +1 short sword of draining
Missiles
 n - 7 curare-tipped needles
 t - 70 stones (quivered)
Armour
 g - a +1 helmet (worn)
 m - a cursed +0 pair of gloves (worn)
 p - a +0 pair of boots (worn)
 r - a +1 cloak (worn)
 A - the +1 robe of the Hippo (worn) {rPois}
   (You found it on level 7 of the Dungeon)

   It protects you from poison.
Rods
 b - a +1 rod of shadows (9/9) {!a}
   (You found it on level 9 of the Dungeon)
Jewellery
 e - a ring of protection from cold (left hand)
 i - an uncursed ring of flight
 j - a cursed -6 ring of strength {unknown}
 o - an uncursed ring of stealth
 w - a +2 ring of protection (right hand)
 D - a +3 ring of intelligence
Wands
 q - a wand of teleportation (0/9)
 B - a wand of heal wounds (0/9)
Scrolls
 h - 3 scrolls of remove curse
 k - 5 scrolls of amnesia
 y - a scroll of fog
 H - a scroll of fear
 J - a scroll of teleportation
Potions
 d - 2 potions of magic
 s - a potion of haste
 u - 3 potions of flight
 x - 4 potions of lignification {!q}
 z - 2 potions of cure mutation {!q}
Miscellaneous
 G - a phial of floods (inert)
 K - a disc of storms
Comestibles
 c - 6 bread rations
 f - 6 meat rations


Message History

You feel less confused. The blink frog completely misses you.
The blink frog barely misses you. x2
The blink frog blinks!
The blink frog completely misses you.
You hit the bullfrog.
The bullfrog is poisoned.
The bullfrog is lightly wounded.
The blink frog blinks!
The blink frog misses you.
The blink frog blinks!
You hit the blink frog.
The blink frog is lightly wounded.
The porcupine barely misses you. The bullfrog closely misses you.
The blink frog blinks!
Unknown command.
You hit the porcupine.
The porcupine is poisoned.
The porcupine is lightly wounded.
The blink frog completely misses you. x2; The bullfrog barely misses you.
The porcupine misses you.
Unknown command.
You are struck by the porcupine's spines.
You die...
Xom is highly amused!

.#.#.....##....
###.......#.P...#
.................
........(........
.................
.................
.................
.....FFF¤........
......F@rF..F(...
...#.#####.#....#
# #####.# #


You could see 4 blink frogs, 2 bullfrogs and a porcupine.

Vanquished Creatures
  A sea snake (D:8)
  2 spiny frogs
  A rime drake (Lair:3)
  A dream sheep (D:8)
  A hippogriff (D:7)
  7 yaks
  A wyvern (D:9)
  5 porcupines
  5 water moccasins
  Duvessa (D:4)
  A hornet zombie (D:7)
  4 orc warriors
  3 black bears
  2 sky beasts
  An ice beast (D:5)
  A phantom (D:8)
  3 ogres
  A centaur (D:5)
  9 wolves
  A crocodile (Lair:3)
  4 big kobolds (D:8)
  8 bullfrogs
  Dowan (D:4)
  A water moccasin zombie (D:7)
  A gnoll sergeant (D:8)
  A water moccasin skeleton (D:7)
  3 scorpions
  17 killer bees
  3 bullfrog zombies
  2 crimson imps
  2 jellies (D:5)
  A gnoll shaman (D:9)
  5 hounds
  2 orc priests
  5 orc wizards
  4 iguanas
  Ijyb (D:3)
  Natasha (thrice) (D:3)
  4 worker ants
  A killer bee zombie (D:8)
  A hound zombie (D:7)
  A worker ant zombie (D:7)
  11 adders
  23 gnolls
  A shadow imp (D:9)
  2 oozes (D:6)
  2 adder skeletons
  2 worms
  2 dart slugs
  7 leopard geckos
  An orc (shapeshifter) (D:1)
  31 orcs
  6 giant cockroaches
  13 goblins
  8 hobgoblins
  4 jackals (D:8)
  20 kobolds
  2 quokkas
  A ball python (D:1)
  A ball python skeleton (D:4)
  12 bats
  3 frilled lizards
  7 rats
281 creatures vanquished.

Vanquished Creatures (collateral kills)
  A yak (D:9)
  A bullfrog (D:8)
  An iguana (D:9)
  An adder (D:8)
4 creatures vanquished.

Vanquished Creatures (others)
  Grum (D:9)
  A killer bee (D:7)
  48 fungi
  24 plants
74 creatures vanquished.

Grand Total: 359 creatures vanquished

Notes
Turn   | Place    | Note
-------+----------+-------------------------------------------
     0 | D:1      | patrickswayze the Deep Elf Chaos Knight began the quest for the Orb.
     0 | D:1      | Reached XP level 1. HP: 13/13 MP: 3/3
    35 | D:1      | Reached skill level 1 in Stealth
    47 | D:1      | Reached skill level 2 in Stealth
    86 | D:1      | XOM: divination: detect creatures
   129 | D:1      | XOM: silly message
   132 | D:1      | Reached XP level 2. HP: 11/18 MP: 4/4
   293 | D:1      | Reached skill level 3 in Stealth
   383 | D:1      | Noticed a killer bee
   383 | D:1      | a river rat changed into a killer bee
   384 | D:1      | a killer bee changed into a hell rat
   389 | D:1      | XOM: harmless Summ miscast
   393 | D:1      | Noticed a howler monkey
   393 | D:1      | a hell rat changed into a howler monkey
   394 | D:1      | XOM: silly message
   394 | D:1      | a howler monkey changed into a hobgoblin
   400 | D:1      | Reached XP level 3. HP: 16/22 MP: 5/5
   462 | D:1      | Noticed a killer bee
   462 | D:1      | a bat changed into a killer bee
   469 | D:1      | Killed a killer bee
   469 | D:1      | Reached skill level 5 in Stealth
   469 | D:1      | Reached XP level 4. HP: 18/27 MP: 6/6
   593 | D:1      | XOM: cloud trail
   633 | D:2      | XOM: silly message
   675 | D:2      | Found a shimmering altar of Xom.
   699 | D:2      | Noticed an angel
   703 | D:2      | Found a glowing silver altar of Zin.
  1173 | D:2      | Reached skill level 6 in Stealth
  1450 | D:3      | Noticed Natasha
  1455 | D:3      | Killed Natasha
  1455 | D:3      | Reached XP level 5. HP: 31/31 MP: 7/7
  1507 | D:3      | Noticed Ijyb
  1528 | D:3      | Killed Ijyb
  1573 | D:3      | Found a bloodstained altar of Trog.
  1629 | D:3      | XOM: harmless Divn miscast
  1632 | D:3      | XOM: divination: detect creatures
  1731 | D:3      | Noticed Natasha
  1732 | D:3      | Reached skill level 7 in Stealth
  1780 | D:3      | XOM: silly message
  1845 | D:3      | XOM: divination: detect creatures
  1846 | D:3      | Killed Natasha
  2060 | D:3      | Noticed Natasha
  2074 | D:3      | Killed Natasha
  2074 | D:3      | Reached XP level 6. HP: 36/36 MP: 8/8
  2122 | D:4      | Found a staircase to the Ecumenical Temple.
  2211 | D:4      | XOM: silly message
  2240 | D:4      | Reached skill level 8 in Stealth
  2361 | D:3      | XOM: divination: detect creatures
  2463 | D:3      | XOM: divination: detect items
  2936 | D:4      | XOM: butterfly on damage
  3035 | D:4      | Noticed a water moccasin
  3039 | D:4      | XOM: potion effect (brilliance)
  3043 | D:4      | Killed a water moccasin
  3116 | D:4      | XOM: mild Hex miscast
  3181 | D:4      | Reached XP level 7. HP: 35/40 MP: 9/9
  3277 | D:4      | Noticed Dowan
  3278 | D:4      | Noticed Duvessa
  3293 | D:4      | Killed Duvessa
  3299 | D:4      | XOM: summons friendly crimson imp
  3315 | D:4      | Killed Dowan
  3430 | D:4      | XOM: divination: magic mapping
  3518 | D:5      | Entered Level 5 of the Dungeon
  3536 | D:5      | Reached skill level 6 in Short Blades
  3772 | D:5      | XOM: enchant monster (bad)
  3913 | D:4      | XOM: harmless Conj miscast
  3931 | D:5      | XOM: noise
  3943 | D:5      | XOM: cast spell 'Spider Form'
  3950 | D:5      | XOM: enchant monster (bad)
  4117 | D:5      | XOM: medium Summ miscast
  4118 | D:5      | Noticed a soul eater
  4314 | D:5      | XOM: enchant monster (bad)
  4324 | D:5      | Reached XP level 8. HP: 36/45 MP: 10/10
  4669 | D:5      | XOM is BORED!
  4838 | D:5      | XOM: god gift: battleaxe {god gift}
  4980 | D:6      | XOM: stealth player
  4996 | D:6      | XOM: give mutations
  4996 | D:6      | Gained mutation: You occasionally shout uncontrollably at your foes. [Xom's mischief]
  4996 | D:6      | Gained mutation: You are dopey. (Int -2) [Xom's mischief]
  5039 | D:6      | Reached skill level 9 in Short Blades
  5268 | D:6      | XOM: enchant monster (good)
  5286 | D:6      | XOM: swap monsters
  5290 | D:6      | XOM: polymorph orc warrior -> sky beast
  5291 | D:6      | XOM: confuse monster(s)
  5294 | D:6      | HP: 9/45 [orc/exploding tomahawk (4)]
  5935 | D:7      | Found a glowing golden altar of the Shining One.
  5935 | D:7      | Found a radiant altar of Vehumet.
  5936 | D:7      | Found a sparkling altar of Nemelex Xobeh.
  5972 | D:7      | XOM: 7-stop teleportation journey
  5992 | D:7      | Found Qiacs's Armour Emporium.
  6006 | D:7      | Bought a +0 pair of boots for 63 gold pieces
  6113 | D:7      | XOM: medium Pois miscast
  6160 | D:7      | Found a white marble altar of Elyvilon.
  6211 | D:7      | XOM: scenery: create altars
  6257 | D:7      | Noticed a hippogriff
  6262 | D:7      | Killed a hippogriff
  6262 | D:7      | Reached XP level 9. HP: 49/49 MP: 11/11
  6297 | D:7      | XOM: blink monster(s)
  6866 | D:7      | Got an ominously black robe
  6881 | D:7      | Identified the +1 robe of the Hippo {rPois} (You found it on level 7 of the Dungeon)
  7098 | D:7      | XOM: enchant monster (good)
  7117 | D:7      | XOM: summons friendly ufetubus
  7586 | D:8      | Found Ticwiz's Distillery.
  7600 | D:8      | Bought a potion of invisibility for 96 gold pieces
  7600 | D:8      | Bought a potion of haste for 120 gold pieces
  7692 | D:8      | XOM: summons 5 friendly demons
  7866 | D:8      | XOM: cleaving
  7867 | D:8      | XOM: harmless Air miscast
  7975 | D:8      | Noticed a two-headed hydra
  7993 | D:9      | Found a bloodstained altar of Trog.
  8315 | D:9      | XOM: potion effect (invisibility)
  8480 | D:9      | Reached skill level 12 in Short Blades
  8496 | D:9      | Reached skill level 3 in Dodging
  8507 | D:9      | XOM: potion effect (heal wounds)
  8616 | D:9      | XOM: cleaving
  8617 | D:9      | XOM: divine lightning (protected)
  8622 | D:9      | XOM: confuse monster(s)
  8627 | D:9      | Reached skill level 6 in Dodging
  8633 | D:9      | XOM: cleaving
  8637 | D:9      | Reached XP level 10. HP: 39/54 MP: 12/12
  8644 | D:9      | Noticed Grum
  8650 | D:9      | HP: 7/54 [yak (13)]
  8654 | D:9      | HP: 3/54 [yak (5)]
  9070 | D:9      | XOM: enchant monster (good)
  9082 | D:9      | XOM: summons friendly white imp
  9090 | D:9      | Your ally died
  9229 | D:9      | XOM: scenery: 1 doors close
  9324 | D:9      | XOM: 1-stop teleportation journey
  9586 | D:9      | XOM: enchant monster (good)
  9715 | D:9      | XOM: harmless Ice miscast
  9839 | D:9      | XOM: destruction
  9884 | D:8      | XOM: potion effect (brilliance)
  9929 | D:8      | Found an opulent altar of Gozag.
  9940 | D:8      | HP: 8/54 [gnoll/spear (11)]
  9970 | D:8      | XOM: harmless Chrm miscast
 10115 | D:7      | XOM: mild Ice miscast
 10122 | D:7      | Reached skill level 9 in Dodging
 10169 | D:8      | Noticed a hill giant
 10410 | D:8      | XOM: cast spell 'Confusing Touch'
 10434 | D:8      | Reached skill level 9 in Stealth
 10601 | D:8      | XOM: cast spell 'Ice Form'
 10637 | D:8      | HP: 11/64 [black bear (6)]
 10646 | D:8      | Gained mutation: You have sharp toenails. [potion of mutation]
 10646 | D:8      | Gained mutation: You are weak. (Str -2) [potion of mutation]
 10647 | D:8      | HP: 15/97 [black bear (5)]
 10664 | D:8      | XOM: enchant monster (bad)
 10762 | D:7      | XOM: scenery: 1 doors open
 10776 | D:7      | XOM: silly message
 10817 | D:7      | XOM: harmless Fire miscast
 10993 | D:8      | XOM: destruction
 11005 | D:8      | XOM: god gift: potion of might
 11043 | D:8      | Found a staircase to the Lair.
 11061 | D:8      | XOM: summons 3 friendly demons
 11085 | D:8      | Reached skill level 10 in Stealth
 11184 | D:8      | Noticed a sea snake
 11184 | D:8      | a hill giant changed into a sea snake
 11184 | D:8      | XOM: polymorph hill giant -> sea snake
 11187 | D:8      | XOM: noise
 11192 | D:8      | XOM: confuse monster(s)
 11204 | D:8      | XOM: harmless Ice miscast
 11208 | D:8      | Killed a sea snake
 11208 | D:8      | Reached skill level 11 in Stealth
 11280 | D:8      | HP: 9/54 [orc priest/divine providence (11)]
 11479 | D:8      | XOM: divination: detect creatures
 11483 | D:8      | XOM: divination: detect items
 11822 | D:8      | XOM: harmless Erth miscast
 11857 | D:8      | HP: 5/54 [orc priest/divine providence (14)]
 12023 | D:8      | XOM: harmless Ice miscast
 12080 | D:8      | XOM: blink monster(s)
 12095 | D:8      | XOM: scenery: create altars
 12106 | D:8      | Reached skill level 12 in Stealth
 12114 | D:8      | XOM: summons 2 friendly demons
 12329 | Lair:1   | Entered Level 1 of the Lair of Beasts
 12329 | Lair:1   | Noticed Gastronok
 12336 | Lair:2   | Noticed a six-headed hydra
 12358 | Lair:2   | XOM: enchant monster (bad)
 12377 | Lair:2   | XOM: enchant monster (bad)
 12379 | Lair:2   | XOM: enchant monster (bad)
 12386 | Lair:2   | XOM: divination: detect creatures
 12388 | Lair:2   | XOM: polymorph something unseen -> eye of draining
 12396 | Lair:2   | XOM: summons friendly iron imp
 12403 | Lair:2   | XOM: harmless Fire miscast
 12408 | Lair:2   | XOM: divination: detect items
 12426 | Lair:2   | Found a hole to the Spider Nest.
 12434 | Lair:2   | XOM: fog
 12445 | Lair:2   | XOM: enchant monster (good)
 12452 | Lair:2   | XOM: confuse monster(s)
 12456 | Lair:2   | Noticed a spiny frog
 12463 | Lair:2   | Killed a spiny frog
 12463 | Lair:2   | XOM: potion effect (agility)
 12492 | Lair:3   | Reached XP level 11. HP: 36/58 MP: 13/13
 12530 | Lair:3   | XOM: 1-stop teleportation journey
 12814 | Lair:3   | XOM: harmless Tloc miscast
 12826 | Lair:3   | XOM: swap monsters
 12888 | Lair:3   | XOM: cleaving
 12895 | Lair:3   | XOM: summons 6 friendly demons
 12897 | Lair:3   | Reached skill level 13 in Stealth
 12899 | Lair:3   | HP: 16/87 [wolf (6)]
 12904 | Lair:3   | HP: 15/87 [wolf (1)]
 12945 | Lair:3   | XOM: god gift: disc of storms
 13023 | Lair:3   | HP: 8/58 [porcupine's spines (12)]
 13322 | Lair:3   | XOM: fake destruction
 13341 | Lair:3   | XOM: summons 1 hostile shadow creature
 13468 | Lair:3   | XOM: mild Divn miscast
 13481 | Lair:3   | XOM: fog
 13490 | Lair:3   | XOM: stat loss: -1 Str (6/7)
 13494 | Lair:3   | XOM: confusion
 13499 | Lair:3   | XOM: summons 4 hostile demons
 13501 | Lair:3   | XOM: enchant monster (bad)
 13501 | Lair:3   | HP: 4/58 [komodo dragon (8)]
 13872 | Lair:3   | XOM: swap monsters
 14676 | Lair:3   | Noticed a death yak
 14676 | Lair:3   | Noticed a death yak
 14677 | Lair:3   | Noticed a death yak
 14678 | Lair:3   | Noticed a death yak
 14680 | Lair:3   | Noticed a death yak
 14681 | Lair:3   | Noticed a death yak
 14686 | Lair:3   | XOM: torment (29/58 hp)
 14695 | Lair:4   | XOM: enchant monster (bad)
 14705 | Lair:4   | XOM: polymorph elephant -> tarantella
 14708 | Lair:4   | HP: 3/58 [tarantella (30)]
 14709 | Lair:5   | XOM: repel stairs
 14719 | Lair:5   | Impaled on a porcupine's spines

Vault maps used:
D:1:      minmay_arrival_jagged
D:2:      grunt_temple_overflow_order_and_chaos_1, first_bread,
          kennysheep_flooded_box
D:3:      nicolae_overflow_crystal_walls, uniq_natasha, uniq_iyjb
D:4:      minmay_goblin_outpost, uniq_duvessa
D:7:      nicolae_overflow_quartered_altars, serial_co_window_serial,
          co_window_paths_b, co_window_corner_a, co_window_paths_a,
          co_window_corner_a, co_window_corner_a, co_window_unsneaky_path_e,
          co_window_of_opportunity_c, co_window_cross_2, co_window_paths_d,
          glass_columns_c, glass_columns_c, serial_shops, kennysheep_mini
D:8:      due_lair_maze_entry_diamond, serial_shops, nicolae_shop_stone,
          hangedman_ranch, nicolae_gozag_cash_rules_everything_around_me
D:9:      basic_altar, minmay_misc_feat_four_crosses, lemuel_flamethrower_1,
          uniq_grum
Lair:1:   basic_altar, minmay_stone_trees_small, grunt_megastairs_1,
          minmay_lair_oklob_chamber, serial_bayou_shore_b, uniq_gastronok
Lair:2:   minmay_shoals_entry_lonely_mermaid, spider_nest_entry_rubble,
          lemuel_fruit_tree
Lair:4:   ldierk_geyser
Lair:5:   beast_lair_carwin_large_1, slime_altar_1

Action                   |  1- 3 |  4- 6 |  7- 9 | 10-12 || total
-------------------------+-------+-------+-------+-------++-------
Melee: Short sword       |    73 |   200 |   455 |   236 ||   964
       Unarmed           |       |       |    12 |    17 ||    29
       Dagger            |       |       |       |   320 ||   320
Throw: Throwing net      |       |       |     1 |       ||     1
       Stone             |       |       |       |     1 ||     1
Evoke: Wand              |       |       |     3 |     3 ||     6
       Rod               |       |       |       |    11 ||    11
       Phial of floods   |       |       |       |     1 ||     1
  Use: Potion            |     3 |     1 |     4 |    11 ||    19
       Scroll            |       |     1 |    17 |     7 ||    25
 Stab: Sleeping          |     2 |     8 |     8 |     4 ||    22
       Paralysed         |     1 |       |       |       ||     1
       Distracted        |       |     3 |     1 |     2 ||     6
       Invisible         |       |       |    12 |       ||    12
       Confused          |       |       |     2 |     3 ||     5
       Petrified         |       |       |     1 |       ||     1
  Eat: Chunk             |       |     7 |     7 |    14 ||    28
       Beef jerky        |       |       |     2 |     2 ||     4
       Bread ration      |       |       |     1 |     1 ||     2
       Fruit             |       |       |     2 |       ||     2
       Pizza             |       |       |     1 |       ||     1
       Royal jelly       |       |       |       |     1 ||     1
Armor: Leather armour    |    42 |    47 |    39 |       ||   128
       Skin              |       |       |     1 |     7 ||     8
       Robe              |       |       |    43 |    82 ||   125
Dodge: Dodged            |    79 |   115 |   225 |   367 ||   786
